cohdb
Replays
Latest Replays
All Replays
Popular Replays
Top Player Replays
Match Explorer
How It Works
Community
CoH3 Stats
Reddit
Sign in to upload your games and track your stats! →
Sign in with Steam
Match 39368382
Unlisted
Match 39368382
Overview
Messages
Build Orders
End
Kradschützen Motorcycle Team
Panzergrenadier Squad
250 Light Carrier
Panzergrenadier Squad
Construct Light Support Kompanie
MG34 Team
MG34 Team
Fire Support Elements
Flakvierling Half-track
Panzerjäger Mechanized Group
Selects Armored Support Battlegroup
Selects Salvage Kits
le.IG 18 Support Gun Team
Selects Veteran Gunners
2.5-tonne Medical Truck
Selects Flammpanzer III Medium Tank
Flammpanzer III Medium Tank
Flammpanzer III Medium Tank
2.5-tonne Medical Truck
Construct Panzerarmee Kommand
jack.lee
Tanith's Finest
AudoBell
ArmedToad
0
0
Comments
sign in to comment!
No comments posted yet!